 Dungeon Crawl Stone Soup version 0.30-a0-613-gdd512c7efb (webtiles) character file.

Game seed: 703818501114956439

847 themarg the Insei (level 8, -2/60 HPs)
             Began as a Gnoll Transmuter on Jan 9, 2023.
             Was an Initiate of Ashenzari.
             Slain by a gnoll
             ... wielding a +0 flail
             ... led by a gnoll sergeant
              (4 damage)
             ... on level 6 of the Dungeon.
             The game lasted 00:14:37 (5411 turns).

themarg the Insei (Gnoll Transmuter)                Turns: 5411, Time: 00:14:38

Health: -2/60      AC:  2    Str:  9    XL:     8   Next: 1%
Magic:  11/16      EV: 25    Int: 14    God:    Ashenzari [......]
Gold:   248        SH:  0    Dex: 25    Spells: 12/18 levels left

rFire   . . .      SeeInvis .      - Unarmed
rCold   . . .      Faith    .    (shield currently unavailable)
rNeg    . . .      Spirit   .    (body armour currently unavailable)
rPois   .          Reflect  .    (helmet currently unavailable)
rElec   .          Harm     .    (cloak currently unavailable)
rCorr   .          Rampage  .    (gloves currently unavailable)
Will    .....                    (boots currently unavailable)
Stlth   +++                      (no amulet)
HPRegen 0.30/turn                l - +6 ring of dexterity
MPRegen 0.15/turn                A - ring of poison resistance

@: lethally poisoned (-2 -> -15), about to teleport, spider-form, wereblooded
A: venomous fangs, tiny, (fangs 1), strong nose, distributed training
a: End Transformation, Renounce Religion


You were on level 6 of the Dungeon.
You worshipped Ashenzari.
Ashenzari was noncommittal.
You were a venomous arachnid creature.
You visited 2 branches of the dungeon, and saw 9 of its levels.

You collected 248 gold pieces.

Inventory:

Missiles
 d - 55 stones
 s - 5 boomerangs
 z - 2 datura-tipped darts
 B - a throwing net
Armour
 f - a +1 helmet (melded)
 k - a +0 pair of gloves (melded)
 t - a +0 pair of boots (melded)
 C - the +2 robe "Cemeqac" (melded) {rC+}
   (You found it on level 6 of the Dungeon)

   rC:        It protects you from cold.
Jewellery
 l - a +6 ring of dexterity (left front pincers)
 x - a ring of resist corrosion
 A - a ring of poison resistance (right front pincers)
Scrolls
 c - a scroll of fog {unknown}
 h - a scroll of brand weapon {unknown}
 m - 4 scrolls of vulnerability
 n - a scroll of fear {unknown}
 p - 2 scrolls of teleportation
 r - 2 scrolls of poison {unknown}
 u - a scroll of silence {unknown}
 v - a scroll of enchant weapon {unknown}
 y - a scroll of blinking {unknown}
Potions
 b - a potion of lignification
 e - 3 potions of degeneration
 g - a potion of magic
 i - a potion of heal wounds
 j - 3 potions of curing
 o - a potion of brilliance
 q - 2 potions of attraction


   Skills:
 + Level 4.0 Fighting
 + Level 3.0 Short Blades
 + Level 3.0 Long Blades
 + Level 3.0 Axes
 + Level 3.0 Maces & Flails
 + Level 3.0 Polearms
 + Level 3.0 Staves
 + Level 3.0 Ranged Weapons
 + Level 3.0 Throwing
 + Level 3.0 Armour
 + Level 5.5 Dodging
 + Level 3.0 Stealth
 + Level 3.0 Shields
 + Level 7.2 Unarmed Combat
 + Level 5.8 Spellcasting
 + Level 2.4 Conjurations
 + Level 2.4 Hexes
 + Level 2.4 Summonings
 + Level 2.4 Necromancy
 + Level 2.4 Translocations
 + Level 4.5 Transmutations
 + Level 2.4 Fire Magic
 + Level 2.4 Ice Magic
 + Level 2.4 Air Magic
 + Level 2.4 Earth Magic
 + Level 2.4 Poison Magic
 + Level 3.2 Invocations
 + Level 3.0 Evocations


You had 12 spell levels left.
You knew the following spells:

 Your Spells              Type           Power      Damage    Failure   Level
a - Beastly Appendage     Tmut           32%        N/A       10%         1
b - Wereblood             Tmut           16%        N/A       12%         2
c - Spider Form           Tmut/Pois      13%        N/A       28%         3

Your spell library contained the following spells:

 Spells                   Type           Power      Damage    Failure   Level
 Summon Small Mammal      Summ           40%        N/A       17%         1
 Call Canine Familiar     Summ           10%        N/A       38%         3
 Ozocubu's Armour         Ice            10%        N/A       38%         3
 Portal Projectile        Hex/Tloc       20%        N/A       38%         3
 Summon Guardian Golem    Hex/Summ       10%        N/A       38%         3
 Tukima's Dance           Hex            10%        N/A       38%         3
 Ice Form                 Ice/Tmut       13%        N/A       58%         4
 Leda's Liquefaction      Hex/Erth       5%         N/A       73%         4
 Blade Hands              Tmut           8%         N/A       77%         5
 Metabolic Englaciation   Hex/Ice        5%         N/A       95%         5
 Simulacrum               Ice/Necr       5%         N/A       100%        6


Dungeon Overview and Level Annotations

Branches:
Dungeon (8/15)             Temple (1/1) D:5
   Lair: D:8-11

Altars:
Ashenzari
Cheibriados
Dithmenos
Elyvilon
Fedhas
Hepliaklqana
Kikubaaqudgha
Makhleb
Nemelex Xobeh
Okawaru
Qazlal
Sif Muna
Trog
Uskayaw
Vehumet
Wu Jian
Yredelemnul
Zin
The Shining One

Shops:
D:4 (

Annotations:
D:7 Prince Ribbit


Innate Abilities, Weirdness & Mutations

You are a venomous arachnid creature.
You have venomous fangs.
You are tiny and dextrous.
Your spellcasting is less reliable in this form.
Your armour is entirely melded.
You are incapable of wielding weapons or throwing items.
((You have very sharp teeth.))
Your uncanny sense of smell can sniff out nearby items.
Your experience applies equally to all skills.


Message History

Your +0 pair of boots unmelds from your body.
The +2 robe "Cemeqac" {rC+} unmelds from your body.
You feel sick.
An adder comes into view.
You turn into a venomous arachnid creature.
Your +1 helmet melds into your body.
Your +0 pair of gloves melds into your body.
Your +0 pair of boots melds into your body.
The +2 robe "Cemeqac" {rC+} melds into your body.
The adder hisses angrily.
You feel very sick. The gnoll sergeant barely misses you.
The gnoll completely misses you.
You hit the gnoll.
The gnoll is severely wounded.
You feel sick. The gnoll sergeant barely misses you.
A shadow imp comes into view.
The gnoll completely misses you.
The shadow imp shouts, "Scamper away, thou droning fly-bitten gnoll-tail!"
You hit the gnoll but do no damage.
The gnoll looks even sicker.
The gnoll is severely wounded.
You feel sick.
You hear a howl!
The gnoll sergeant misses you. The gnoll hits you with a +0 club.
You bite the gnoll!
The gnoll is poisoned.
The gnoll is heavily wounded.
You hiss as the wereblood boils in your veins!
You feel sick.
You hear an angry hiss.
You hear a bark!
The gnoll completely misses you.
The gnoll sergeant hits you from afar with a +4 trident of venom!
* * * LOW HITPOINT WARNING * * *
You are lethally poisoned!
The gnoll completely misses you. The gnoll closely misses you.
As you read the scroll labelled TUYMEG KOJOQO, it crumbles to dust.
You feel strangely unstable.
It was a scroll of teleportation.
* * * LOW HITPOINT WARNING * * *
You feel very sick.
The howler monkey hoots and howls with incredible vigour!
The gnoll misses you. The gnoll hits you with a +0 flail.
You die...

...............#### ..#
..h...<............####.######
..S..S........ #...........#
.....>...h..## #...........##
.....(......#######.......[...##
...............................##
.........Jh.....................#
.......##..5..###...............#
...........#.Sggsg.........<....#
............##g##g............./#
.$>.....#. ∆.....c..............#
.................g.............##
.......##...##.####.....#.....##
s.........#. #. #############
<......#### .. .......# #.
.......#


You could see a gnoll sergeant, a centaur, a howler monkey (catching breath), a
jelly, 5 gnolls, an adder and a shadow imp.

Vanquished Creatures
  An ice beast (D:5)
  A necrophage (D:8)
  A bullfrog (D:8)
  2 scorpions
  A hound (D:4)
  2 jellies
  2 orc priests (D:5)
  2 iguanas (D:5)
  2 orc wizards
  12 adders
  A shadow imp (D:7)
  A worm (D:4)
  A dart slug (D:1)
  18 orcs
  9 endoplasms
  5 giant cockroaches
  6 goblins
  10 hobgoblins
  8 jackals
  6 kobolds
  3 quokkas
  10 ball pythons
  12 bats
  6 frilled lizards
  5 rats
127 creatures vanquished.

Vanquished Creatures (others)
  A butterfly (D:5)
1 creature vanquished.

Grand Total: 128 creatures vanquished

Notes
Turn   | Place    | Note
-------+----------+-------------------------------------------
     0 | D:1      | themarg the Gnoll Transmuter began the quest for the Orb.
     0 | D:1      | Reached XP level 1. HP: 17/17 MP: 6/6
   132 | D:1      | Reached XP level 2. HP: 23/23 MP: 5/7
   415 | D:1      | Reached skill level 5 in Spellcasting
   415 | D:1      | Reached XP level 3. HP: 27/28 MP: 6/9
   420 | D:1      | Learned a level 2 spell: Wereblood
   424 | D:1      | Learned a level 3 spell: Spider Form
   479 | D:1      | Found a faded altar of an unknown god.
   535 | D:1      | Reached skill level 1 in Invocations
   859 | D:2      | Reached skill level 1 in Short Blades
   859 | D:2      | Reached skill level 1 in Long Blades
   859 | D:2      | Reached skill level 1 in Axes
   859 | D:2      | Reached skill level 1 in Maces & Flails
   859 | D:2      | Reached skill level 1 in Polearms
   859 | D:2      | Reached skill level 1 in Staves
   859 | D:2      | Reached skill level 1 in Ranged Weapons
   859 | D:2      | Reached skill level 1 in Throwing
   859 | D:2      | Reached skill level 1 in Armour
   859 | D:2      | Reached skill level 1 in Stealth
   859 | D:2      | Reached skill level 1 in Shields
   859 | D:2      | Reached skill level 1 in Evocations
   919 | D:2      | Reached XP level 4. HP: 20/34 MP: 4/11
  1463 | D:3      | Reached skill level 1 in Conjurations
  1463 | D:3      | Reached skill level 1 in Hexes
  1463 | D:3      | Reached skill level 1 in Summonings
  1463 | D:3      | Reached skill level 1 in Necromancy
  1463 | D:3      | Reached skill level 1 in Translocations
  1463 | D:3      | Reached skill level 1 in Fire Magic
  1463 | D:3      | Reached skill level 1 in Ice Magic
  1463 | D:3      | Reached skill level 1 in Air Magic
  1463 | D:3      | Reached skill level 1 in Earth Magic
  1463 | D:3      | Reached skill level 1 in Poison Magic
  1626 | D:3      | Reached XP level 5. HP: 40/40 MP: 8/12
  1700 | D:3      | Found a blossoming altar of Fedhas.
  1830 | D:3      | Found a burning altar of Makhleb.
  2608 | D:4      | Found Hazopt's Antique Weapon Shop.
  2912 | D:4      | Reached XP level 6. HP: 36/47 MP: 8/13
  3015 | D:4      | Found a basalt altar of Yredelemnul.
  3173 | D:4      | Reached skill level 5 in Dodging
  3699 | D:5      | Entered Level 5 of the Dungeon
  3725 | D:5      | Found a radiant altar of Vehumet.
  3736 | D:5      | Reached skill level 7 in Unarmed Combat
  3736 | D:5      | Reached XP level 7. HP: 52/52 MP: 11/15
  4171 | D:5      | Found a hide-covered altar of Uskayaw.
  4313 | D:5      | You fall into a shaft and drop 3 floors!
  4323 | D:8      | Noticed a yak
  4515 | D:7      | Noticed Prince Ribbit
  4561 | D:7      | Found a glowing golden altar of the Shining One.
  4594 | D:7      | Found a white marble altar of Elyvilon.
  4657 | D:6      | Identified the +2 robe "Cemeqac" {rC+}
  4771 | D:5      | Found a broken altar of Ashenzari.
  4785 | D:5      | Became a worshipper of Ashenzari the Shackled
  4796 | D:5      | Found a stormy altar of Qazlal.
  5079 | D:5      | Found a shimmering blue altar of Sif Muna.
  5135 | D:5      | Found a staircase to the Ecumenical Temple.
  5142 | Temple   | Entered the Ecumenical Temple
  5398 | D:6      | Reached XP level 8. HP: 60/60 MP: 12/16
  5411 | D:6      | HP: 2/60 [poisoned by a gnoll sergeant]
  5411 | D:6      | Slain by a gnoll

Illustrated notes

Levels and vault maps discovered:
D:1:      saegor_arrival_miasma, layout_rooms, nicolae_ecumenical_snake_handling
D:2:      layout_basic
D:3:      layout_basic, mainiacjoe_overflow_catwalk, marbit_many_paths,
          roderic_filled_cross
D:4:      layout_loops_ring, nicolae_overflow_hidden_temple, serial_shops,
          nicolae_shop_statue_plus
D:5:      layout_basic, nicolae_uskayaw_suspiria, fiery_altar_vehumet,
          mainiacjoe_overflow_swirl, kennysheep_little_box,
          minmay_temple_entry_butterflies
D:6:      layout_rooms, xom_butterflies
D:7:      layout_gridville, tso_metal_star, mainiacjoe_overflow_six_doors_small,
          nicolae_gozag_cash_rules_everything_around_me, uniq_duvessa,
          uniq_prince_ribbit1
D:8:      layout_layer_cave, lair_entry_dummy, nicolae_elevator_lobby_asterisk
Temple:   nicolae_temple_cloud_nine

Skill      XL: |  1  2  3  4  5  6  7 |
---------------+----------------------+-----
Spellcasting   | 5 |  5.8
Invocations    | 1 2 3 |  3.2
Short Blades   | 1 2 3 |  3.0
Long Blades    | 1 2 3 |  3.0
Axes           | 1 2 3 |  3.0
Maces & Flails | 1 2 3 |  3.0
Polearms       | 1 2 3 |  3.0
Staves         | 1 2 3 |  3.0
Ranged Weapons | 1 2 3 |  3.0
Throwing       | 1 2 3 |  3.0
Armour         | 1 2 3 |  3.0
Stealth        | 1 2 3 |  3.0
Shields        | 1 2 3 |  3.0
Evocations     | 1 2 3 |  3.0
Conjurations   | 1 2 |  2.4
Hexes          | 1 2 |  2.4
Summonings     | 1 2 |  2.4
Necromancy     | 1 2 |  2.4
Translocations | 1 2 |  2.4
Fire Magic     | 1 2 |  2.4
Ice Magic      | 1 2 |  2.4
Air Magic      | 1 2 |  2.4
Earth Magic    | 1 2 |  2.4
Poison Magic   | 1 2 |  2.4
Fighting       | 3 4 |  4.0
Transmutations | 4 |  4.5
Dodging        | 5 |  5.5
Unarmed Combat | 7 |  7.2

Action                   |  1- 3 |  4- 6 |  7- 9 || total
-------------------------+-------+-------+-------++-------
Melee: Unarmed           |    88 |   143 |    83 ||   314
       Kick              |    19 |     6 |       ||    25
       Bite              |     3 |     2 |       ||     5
       Headbutt          |     2 |     1 |       ||     3
       Punch             |       |     1 |       ||     1
 Cast: Beastly Appendage |    24 |     9 |       ||    33
       Spider Form       |     1 |    32 |    13 ||    46
       Wereblood         |     1 |     3 |     2 ||     6
  Use: Scroll            |       |     5 |     3 ||     8
       Potion            |       |       |     2 ||     2
 Stab: Sleeping          |     1 |     4 |     1 ||     6
Armor: Robe              |    15 |    12 |       ||    27
       Skin              |       |     4 |       ||     4
Dodge: Dodged            |    68 |   102 |    75 ||   245

Table legend: (Time is in decaauts)
 A = Elapsed time spent in this place.
 B = Non-inter-level travel time spent in this place.
 C = Inter-level travel time spent in this place.
 D = Time resting spent in this place.
 E = Time spent auto-exploring this place.
 F = Levels seen in this place.
 G = Mean time per level.
                   A        B        C        D        E       F      G
               +--------+--------+--------+--------+--------+-----+--------+
         Total |   5371 |   5109 |    262 |     27 |   4045 |   9 |  596.8 |
       Dungeon |   5322 |   5060 |    262 |     27 |   4012 |   8 |  665.2 |
        Temple |     48 |     48 |      0 |      0 |     33 |   1 |   48.0 |
               +--------+--------+--------+--------+--------+-----+--------+

Top non-repeatable levels by time:
     D:5: 1275 daAuts
     D:4: 1158 daAuts
     D:3: 1090 daAuts
     D:1: 771 daAuts
     D:2: 649 daAuts
     D:8: 176 daAuts
     D:7: 162 daAuts
  Temple: 48 daAuts
     D:6: 37 daAuts
